 Dungeon Crawl Stone Soup version 0.28-a0-245-g639a1a48b9 (webtiles) character file.

Game seed: 12095384514506154335

12044 Froggeryz the Slicer (level 11, -3/112 HPs)
             Began as an Octopode Berserker on Aug 25, 2021.
             Was a High Priest of Trog.
             Slain by a minotaur (13 damage)
             ... in a Gauntlet.
             The game lasted 00:17:22 (12129 turns).

Froggeryz the Slicer (Octopode Berserker)          Turns: 12129, Time: 00:17:23

Health: -3/112     AC:  5    Str: 17    XL:     11   Next: 87%
Magic:  11/11      EV: 27    Int: 10    God:    Trog [*****.]
Gold:   666        SH:  0    Dex: 18    Spells: 10/10 levels left

rFire   . . .      SeeInvis .   j - +3 dagger (venom)
rCold   . . .      Faith    .   (no shield)
rNeg    . . .      Spirit   .   (helmet restricted)
rPois   .          Reflect  .   E - amulet of Woill {Rampage Fragile Regen+ Dex+4 Stlth+}
rElec   .          Harm     .   o - +4 ring of protection
rCorr   .          Rampage  +   p - +4 ring of evasion
Will    .....      NoTele   +   D - +4 ring of evasion
Stlth   ..........              (no ring)
HPRegen 1.28/turn               (no ring)
MPRegen 0.12/turn               (no ring)
                                (no ring)
                                (no ring)

@: berserking, very quick
A: almost no armour, amphibious, 8 rings, camouflage 1, gelatinous body 1,
(nimble swimmer 1), tentacles
a: Renounce Religion, Berserk, Trog's Hand, Brothers in Arms


You were in a Gauntlet.
You worshipped Trog.
Trog was extremely pleased with you.
You visited 1 branch of the dungeon, and saw 12 of its levels.
You also visited: Sewer and Gauntlet.

You collected 666 gold pieces.

Inventory:

Hand Weapons
 j - a +3 dagger of venom (weapon)
 v - a +0 hunting sling
Missiles
 c - 149 sling bullets
 f - 3 curare-tipped darts (quivered)
 h - 373 stones
 C - a throwing net
Jewellery
 o - a +4 ring of protection (left tentacle)
 p - a +4 ring of evasion (right tentacle)
 D - a +4 ring of evasion (on tentacle)
 E - the amulet of Woill (around mantle) {Rampage Fragile Regen+ Dex+4 Stlth+}
   (You found it in a Gauntlet)

   [amulet of regeneration]

   Dex:       It affects your dexterity (+4).
   Regen:     It increases your rate of health regeneration.
   Fragile:   It will be destroyed if unequipped.
   Rampage:   It bestows one free step when moving towards enemies.
   Stlth:     It makes you more stealthy.
Wands
 k - a wand of polymorph (8)
 s - a wand of acid (8)
 y - a wand of flame (22)
 B - a wand of mindburst (11)
Scrolls
 a - a scroll of identify
 e - 8 scrolls of teleportation
 i - 5 scrolls of magic mapping
 l - a scroll of brand weapon
 r - 2 scrolls of enchant weapon
 u - a scroll of blinking
 w - a scroll of summoning
 x - 2 scrolls of enchant armour
 z - a scroll of silence
 A - a scroll of fog
Potions
 b - 5 potions of heal wounds
 d - 4 potions of mutation
 g - 5 potions of curing
 m - a potion of lignification
 n - 2 potions of haste
 q - 2 potions of might
 t - 3 potions of attraction


   Skills:
 + Level 7.5 Fighting
 - Level 12.0 Short Blades
 + Level 10.0 Dodging
 - Level 7.2 Stealth
 + Level 7.3 Evocations


You had 10 spell levels left.
You didn't know any spells.
Your spell library contained the following spells:

 Spells                   Type           Power      Damage    Failure   Level
 Shock                    Conj/Air       0%         1d3       36%         1
 Poisonous Vapours        Pois/Air       0%         N/A       50%         2
 Summon Lightning Spire   Summ/Air       0%         N/A       98%         4
 Silence                  Hex/Air        0%         N/A       100%        5
 Maxwell's Capacitive Co  Air            0%         ∞         100%        8


Dungeon Overview and Level Annotations

Branches:
Dungeon (12/15)            Temple (0/1) D:5            Lair (0/6) D:11
    Orc (0/2) D:12          Sewer (visited)         Gauntlet (1/1)

Altars:
Dithmenos
Elyvilon
Gozag
Hepliaklqana
Xom
The Shining One
Jiyva

Shops:
D:2 (!   D:4 *   D:5 =   D:7 [   D:9 :   D:11 (

Annotations:
D:7 1 runed translucent door, Brozuf's ghost, novice GnMo
D:10 3 runed translucent doors, nubinia's ghost, journeyman DECj
D:11 3 runed translucent doors, MirrMurr's ghost, journeyman GnHu Gauntlet 10 transporters, 21 runed translucent doors, exclusion: obsidian statue


Innate Abilities, Weirdness & Mutations

You cannot wear most types of armour.
You are amphibious.
You can wear up to eight rings at the same time.
Your skin changes colour to match your surroundings (Stealth+).
Your rubbery body absorbs attacks. (AC +1, EV +1)
((You are camouflaged near water. (Stealth+)))
You have tentacles for arms and can constrict up to eight enemies at once.


Message History

The minotaur is lightly wounded.
You constrict the minotaur. You hit the minotaur.
The minotaur looks even sicker.
You squeeze the minotaur, but do no damage.
The minotaur is lightly wounded.
You constrict the minotaur, but do no damage.
You hit the minotaur but do no damage.
The minotaur looks as sick as possible!
The minotaur is lightly wounded.
You constrict the minotaur, but do no damage.
The minotaur barely misses you. The minotaur gores you!
You hit the minotaur but do no damage.
The minotaur looks as sick as possible!
You squeeze the minotaur.
The minotaur is lightly wounded.
You constrict the minotaur, but do no damage.
You hit the minotaur but do no damage.
The minotaur is moderately wounded.
You constrict the minotaur. You hit the minotaur but do no damage.
The minotaur looks as sick as possible!
You squeeze the minotaur.
The minotaur is moderately wounded.
You constrict the minotaur. The minotaur barely misses you.
The minotaur gores you.
* * * LOW HITPOINT WARNING * * *
You hit the minotaur but do no damage.
The minotaur looks as sick as possible!
You squeeze the minotaur!
The minotaur is heavily wounded.
You constrict the minotaur, but do no damage.
You hit the minotaur. You squeeze the minotaur!
The minotaur is severely wounded.
You constrict the minotaur, but do no damage.
You hit the minotaur but do no damage.
The minotaur looks as sick as possible!
You squeeze the minotaur.
The minotaur is severely wounded.
You constrict the minotaur, but do no damage.
The minotaur hits you with a +1 battleaxe of flaming!!
* * * LOW HITPOINT WARNING * * *
The minotaur burns you.
* * * LOW HITPOINT WARNING * * *
The minotaur gores you!
You die...

## .# .. ## #.
∩# #.##.# ..
..#.# #. #.#H#
###.##@#'###.##
#......H.......
#.##.##.##.##.#
#.##.##.##.##.
#..............
##.##.##.##.##.
###.##.##.##.##.
#≈§.............
###
#8.8.8.8.8.8.8.8
###


You could see a minotaur (extremely poisoned).

Vanquished Creatures
  Snorg (D:10)
  A two-headed ogre (D:9)
  An ugly thing (D:11)
  2 cyclopes (D:11)
  A gargoyle (D:11)
  Maggie (D:8)
  A kobold demonologist (D:11)
  An unseen horror (D:11)
  A komodo dragon (D:11)
  2 trolls (D:10)
  A raiju (Gauntlet)
  3 wraiths
  A wyvern (D:8)
  Grum (D:11)
  5 yaks (D:9)
  2 steam dragons
  2 water moccasins
  3 black bears
  An ice beast (D:7)
  An orc warrior (D:8)
  2 sky beasts
  4 ogres (D:5)
  4 wolves (D:11)
  5 centaurs
  2 kobold brigands
  A bullfrog (D:5)
  A water moccasin zombie (D:5)
  2 gnoll sergeants
  2 scorpions
  A water moccasin skeleton (D:5)
  8 killer bees
  3 electric eels (D:11)
  2 howler monkeys
  4 centaur zombies
  2 bullfrog zombies (D:6)
  A bullfrog skeleton (D:5)
  An orc priest (D:8)
  A hound (D:5)
  An iron imp (D:7)
  An iguana (D:6)
  A scorpion zombie (D:5)
  4 orc wizards
  A killer bee zombie (D:8)
  A hound skeleton (D:4)
  2 howler monkey skeletons (D:7)
  13 gnolls
  13 adders
  4 river rats (Sewer)
  4 worms
  2 dart slugs
  16 orcs
  17 endoplasms
  3 giant cockroaches
  6 goblins
  8 hobgoblins
  3 quokkas
  3 training dummies (D:11)
  12 ball pythons
  2 bats (D:1)
  5 frilled lizards
  A goblin skeleton (D:7)
  3 hobgoblin zombies (D:7)
  18 kobolds
  2 kobold skeletons (D:7)
  2 kobold zombies (D:7)
  An orc zombie (D:7)
  14 rats
241 creatures vanquished.

Vanquished Creatures (collateral kills)
  A great orb of eyes (Gauntlet)
  2 ugly things (Gauntlet)
  A wolf spider simulacrum (Gauntlet)
  2 centaur simulacra (Gauntlet)
  A hydra simulacrum (Gauntlet)
7 creatures vanquished.

Vanquished Creatures (others)
  13 plants (D:11)
  2 withered plants (D:7)
15 creatures vanquished.

Grand Total: 263 creatures vanquished

Notes
Turn   | Place    | Note
-------+----------+-------------------------------------------
     0 | D:1      | Froggeryz the Octopode Berserker began the quest for the
                  | Orb.
     0 | D:1      | Reached XP level 1. HP: 16/16 MP: 1/1
   192 | D:1      | Reached skill level 1 in Stealth
   207 | D:1      | Reached XP level 2. HP: 21/21 MP: 2/2
   510 | D:1      | Reached XP level 3. HP: 26/26 MP: 3/3
  1040 | D:2      | Reached skill level 4 in Short Blades
  1117 | D:2      | Found Teedus's Distillery.
  1146 | D:2      | Found Iterim's Antique Weapon Emporium.
  1148 | D:2      | Reached ** piety under Trog
  1537 | D:2      | Reached XP level 4. HP: 26/31 MP: 4/4
  2277 | D:3      | Found a faded altar of an unknown god.
  2705 | D:4      | Found a white marble altar of Elyvilon.
  2725 | D:4      | Found Disaf's Overcharged Wands.
  2823 | D:4      | Found a shimmering altar of Xom.
  2964 | D:4      | Reached XP level 5. HP: 36/36 MP: 5/5
  3383 | D:5      | Entered Level 5 of the Dungeon
  3390 | D:5      | Reached skill level 5 in Short Blades
  3474 | D:5      | Reached XP level 6. HP: 42/42 MP: 6/6
  3498 | D:5      | Reached skill level 6 in Short Blades
  3600 | D:5      | Reached skill level 5 in Stealth
  3926 | D:5      | Reached XP level 7. HP: 46/46 MP: 7/7
  4014 | D:5      | Reached *** piety under Trog
  4015 | D:5      | Reached skill level 7 in Short Blades
  4015 | D:5      | Found Kuarry's Jewellery Emporium.
  4142 | D:5      | Reached XP level 8. HP: 36/52 MP: 8/8
  4336 | D:5      | Reached skill level 8 in Short Blades
  4765 | D:5      | Found a staircase to the Ecumenical Temple.
  4932 | D:6      | Found a glowing drain.
  4949 | Sewer    | Entered a sewer
  5409 | Sewer    | Reached skill level 9 in Short Blades
  5437 | Sewer    | Reached **** piety under Trog
  6334 | D:7      | Reached XP level 9. HP: 56/56 MP: 9/9
  6446 | D:7      | Found Huellu's Antique Armour Shop.
  6503 | D:7      | Found a glowing golden altar of the Shining One.
  6512 | D:7      | Reached skill level 5 in Dodging
  6556 | D:7      | Reached skill level 10 in Short Blades
  6932 | D:7      | Found a runed translucent door.
  6932 | D:7      | Noticed Brozuf's ghost (novice GnMo)
  7007 | D:7      | Found a shadowy altar of Dithmenos.
  7635 | D:8      | Noticed Maggie
  7651 | D:8      | Killed Maggie
  7748 | D:8      | Reached skill level 11 in Short Blades
  8364 | D:9      | Reached XP level 10. HP: 63/63 MP: 10/10
  8442 | D:9      | Reached ***** piety under Trog
  8487 | D:9      | Reached skill level 12 in Short Blades
  8865 | D:9      | Found Udir's Book Emporium.
  8896 | D:9      | Reached skill level 1 in Evocations
  9103 | D:9      | Noticed a two-headed ogre
  9109 | D:9      | Killed a two-headed ogre
  9333 | D:10     | Entered Level 10 of the Dungeon
  9434 | D:10     | Found a runed translucent gate.
  9434 | D:10     | Found a runed translucent gate.
  9434 | D:10     | Found a runed translucent gate.
  9643 | D:10     | Found an opulent altar of Gozag.
  9643 | D:10     | Found a hazy altar of Hepliaklqana.
  9825 | D:10     | Noticed Snorg
  9834 | D:10     | Killed Snorg
  9835 | D:10     | Reached skill level 5 in Fighting
  9835 | D:10     | Reached XP level 11. HP: 72/72 MP: 11/11
 10323 | D:10     | Noticed nubinia's ghost (journeyman DECj)
 10403 | D:10     | Found a viscous altar of Jiyva.
 10433 | D:11     | Noticed Grum
 10450 | D:11     | Killed Grum
 10451 | D:11     | Reached skill level 5 in Evocations
 10488 | D:11     | Found a staircase to the Lair.
 10671 | D:11     | Found Buizaosk's Firing Range.
 10789 | D:11     | Noticed a cyclops
 10829 | D:11     | Killed a cyclops
 10904 | D:11     | Noticed a cyclops
 10907 | D:11     | Killed a cyclops
 11001 | D:11     | Found a runed translucent gate.
 11002 | D:11     | Found a runed translucent gate.
 11002 | D:11     | Found an opulent altar of Gozag.
 11003 | D:11     | Found a runed translucent gate.
 11184 | D:11     | Noticed a manticore
 11184 | D:11     | Noticed a stone giant
 11184 | D:11     | Noticed MirrMurr's ghost (journeyman GnHu)
 11232 | D:11     | Noticed a red ugly thing
 11245 | D:11     | Killed a red ugly thing
 11555 | D:11     | Noticed a five-headed hydra
 11555 | D:11     | Noticed a brown ugly thing
 11606 | D:12     | Found a gate leading to a gauntlet.
 11617 | Gauntlet | Entered a Gauntlet
 11617 | Gauntlet | Found a transporter.
 11617 | Gauntlet | Found a transporter.
 11622 | Gauntlet | Found a transporter.
 11638 | Gauntlet | Found a transporter.
 11653 | Gauntlet | Found a transporter.
 11666 | Gauntlet | Found a transporter.
 11671 | Gauntlet | Noticed a brown ugly thing
 11672 | Gauntlet | Noticed a great orb of eyes
 11682 | Gauntlet | Noticed a purple ugly thing
 11683 | Gauntlet | Found a transporter.
 11761 | Gauntlet | Found a transporter.
 11771 | Gauntlet | Found a transporter.
 11785 | Gauntlet | Noticed an obsidian statue
 11786 | Gauntlet | Found a transporter.
 11799 | Gauntlet | Found a transporter.
 11801 | Gauntlet | Found a large runed translucent door.
 11802 | Gauntlet | Found a large runed translucent door.
 11803 | Gauntlet | Found a large runed translucent door.
 11803 | Gauntlet | Found a large runed translucent door.
 11803 | Gauntlet | Found a runed translucent door.
 11803 | Gauntlet | Found a runed translucent door.
 11804 | Gauntlet | Found a large runed translucent door.
 11804 | Gauntlet | Found a large runed translucent door.
 11804 | Gauntlet | Found a large runed translucent door.
 11804 | Gauntlet | Found a large runed translucent door.
 11805 | Gauntlet | Found a large runed translucent door.
 11806 | Gauntlet | Found a large runed translucent door.
 11811 | Gauntlet | Found a large runed translucent door.
 11811 | Gauntlet | Found a large runed translucent door.
 11812 | Gauntlet | Found a large runed translucent door.
 11812 | Gauntlet | Found a large runed translucent door.
 11812 | Gauntlet | Found a large runed translucent door.
 11812 | Gauntlet | Found a large runed translucent door.
 11815 | Gauntlet | Found a runed translucent gate.
 11815 | Gauntlet | Found a runed translucent gate.
 11815 | Gauntlet | Found a runed translucent gate.
 11817 | Gauntlet | Found a transporter.
 11817 | Gauntlet | Noticed a hell beast
 11890 | Gauntlet | Found a transporter.
 11900 | Gauntlet | Found a transporter.
 11900 | Gauntlet | Noticed a ghost crab
 11903 | Gauntlet | Found a transporter.
 11903 | Gauntlet | Found a transporter.
 12035 | Gauntlet | Identified the amulet of Woill {Rampage Fragile Regen+
                  | Dex+4 Stlth+}
 12068 | Gauntlet | Killed a purple ugly thing
 12084 | Gauntlet | Killed a great orb of eyes
 12085 | Gauntlet | Killed a brown ugly thing
 12086 | Gauntlet | Reached skill level 10 in Dodging
 12100 | Gauntlet | Got the Almanac of the Birds
 12116 | Gauntlet | Noticed a minotaur
 12129 | Gauntlet | Slain by a minotaur

Illustrated notes

Levels and vault maps discovered:
D:1:      onia_arrival_handbag, layout_basic
D:2:      layout_basic, serial_shops, shop_statue, nicolae_lakefront_shop,
          minmay_ruptured
D:3:      layout_basic, basic_ecumenical_altar
D:4:      layout_loops_ring, mainiacjoe_overflow_concentric_impassable,
          mainiacjoe_overflow_alcove_2, nicolae_shop_overcharged_wands
D:5:      layout_gridville, temple_hall, serial_shops,
          nicolae_inconvenience_store, kennysheep_generic_room_6
D:6:      layout_basic, portal_sewer_entry_b
D:7:      layout_basic, nicolae_tso_besieged_by_evil, kennysheep_little_box,
          gammafunk_ghost_grave, serial_shops, shop
D:8:      layout_loops_ring, chequers_mini_garden, uniq_maggie
D:9:      layout_rooms, serial_shops, nicolae_shop_crystal, chequers_avenue,
          hangedman_abyss_or_decor_clamps, grunt_ministairs_3
D:10:     layout_irregular_city, grunt_temple_overflow_open,
          gammafunk_ghost_ooze, uniq_snorg
D:11:     layout_basic, david_lair_shrubbed, ebering_ghost_gozag,
          nicolae_shop_firing_range, uniq_grum
D:12:     layout_roguey, david_orc_2, gauntlet_entry_generic,
          hangedman_fish_farm
Gauntlet: gammafunk_gauntlet_branching [gammafunk_gauntlet_arena_chambers,
          nicolae_gauntlet_arena_flowing_pool, gammafunk_gauntlet_arena_spirals,
          nicolae_gauntlet_arena_grate_2, gammafunk_gauntlet_arena_open,
          gammafunk_gauntlet_arena_split_diamond,
          minmay_gauntlet_arena_make_your_own_arena, nicolae_gauntlet_arena_x,
          gauntlet_exit_green]

Skill      XL: |  1  2  3  4  5  6  7  8  9 10 11 |
---------------+----------------------------------+-----
Stealth        | 1 2 3 4 5 7 |  7.2
Short Blades   | 4 5 6 7 9 11 12 | 12.0
Dodging        | 4 6 8 10 | 10.0
Evocations     | 4 7 |  7.3
Fighting       | 5 7 |  7.5

Action                   |  1- 3 |  4- 6 |  7- 9 | 10-12 || total
-------------------------+-------+-------+-------+-------++-------
Melee: Short sword       |    38 |       |       |       ||    38
       Constrict         |    13 |    19 |    57 |    18 ||   107
       Tentacles         |     9 |    17 |    71 |    89 ||   186
       Dagger            |    21 |    88 |   273 |   294 ||   676
 Fire: Hunting sling     |       |       |     3 |     7 ||    10
Invok: Berserk           |       |     1 |     4 |    10 ||    15
       Trog's Hand       |       |       |     1 |     3 ||     4
Evoke: Wand              |       |       |       |     4 ||     4
  Use: Potion            |     1 |       |       |       ||     1
       Scroll            |       |     5 |    11 |     6 ||    22
 Stab: Sleeping          |    13 |    10 |    26 |    11 ||    60
       Distracted        |       |       |       |     1 ||     1
Armor: Skin              |     5 |     2 |     9 |    36 ||    52
Dodge: Dodged            |    24 |    31 |   117 |   172 ||   344

Table legend: (Time is in decaauts)
 A = Elapsed time spent in this place.
 B = Non-inter-level travel time spent in this place.
 C = Inter-level travel time spent in this place.
 D = Time resting spent in this place.
 E = Time spent auto-exploring this place.
 F = Levels seen in this place.
 G = Mean time per level.
                   A        B        C        D        E       F      G
               +--------+--------+--------+--------+--------+-----+--------+
         Total |  11996 |  11569 |    427 |   1077 |   8246 |  14 |  856.9 |
       Dungeon |  10869 |  10442 |    427 |   1061 |   7744 |  12 |  905.8 |
         Sewer |    628 |    628 |      0 |      0 |    433 |   1 |  628.0 |
      Gauntlet |    498 |    498 |      0 |     16 |     69 |   1 |  498.0 |
               +--------+--------+--------+--------+--------+-----+--------+

Top non-repeatable levels by time:
     D:5: 1342 daAuts
    D:11: 1103 daAuts
    D:10: 1091 daAuts
     D:9: 1088 daAuts
     D:7: 1072 daAuts
     D:2: 1059 daAuts
     D:8: 918 daAuts
     D:3: 841 daAuts
     D:6: 772 daAuts
     D:4: 771 daAuts
     D:1: 759 daAuts
   Sewer: 628 daAuts
Gauntlet: 498 daAuts
    D:12: 48 daAuts
